 Dungeon Crawl Stone Soup version 0.32-a0-656-g3542139ebd (webtiles) character file.

Game seed: 5700871555878959102

2 jestert79 the Caller (level 1, -1/13 HPs)
             Began as a Merfolk Summoner on Mar 8, 2024.
             Slain by a gnoll
             ... wielding a +0 club
              (8 damage)
             ... on level 1 of the Dungeon.
             The game lasted 00:00:37 (82 turns).

jestert79 the Caller (Merfolk Summoner)               Turns: 82, Time: 00:00:39

Health: -1/13      AC:  2    Str:  8    XL:     1   Next: 30%
Magic:  1/3        EV: 12    Int: 14    God:
Gold:   10         SH:  0    Dex: 14    Spells: 3/4 levels left

rFire   . . .        c - +0 mace
rCold   . . .        (no shield)
rNeg    . . .        a - +0 robe
rPois   .            (no helmet)
rElec   .            (no cloak)
rCorr   .            (no gloves)
SInv    .            (no boots)
Will    .....        (no amulet)
Stlth   ++           (no ring)
HPRegen 0.22/turn    (no ring)
MPRegen 0.08/turn

%: no passive effects
@: no status effects
A: (nimble swimmer 2), mertail
a: no special abilities


You were on level 1 of the Dungeon.
You visited 1 branch of the dungeon, and saw 1 of its levels.

You collected 10 gold pieces.

Inventory:

Hand Weapons
 c - a +0 mace (weapon)
Armour
 a - a +0 robe (worn)
Scrolls
 d - a scroll of fog {unknown}
Potions
 b - a potion of magic


   Skills:
 - Level 2.6 Dodging
 + Level 2.2 Stealth
 + Level 2.0 Spellcasting
 + Level 4.0 Summonings


You had 3 spell levels left.
You knew the following spells:

 Your Spells              Type           Power      Damage    Failure   Level
a - Summon Small Mammal   Summ           48%        N/A       4%          1

Your spell library contained the following spells:

 Spells                   Type           Power      Damage    Failure   Level
 Call Imp                 Summ           24%        N/A       7%          2
 Call Canine Familiar     Summ           12%        N/A       14%         3
 Summon Blazeheart Golem  Fire/Summ      7%         N/A       71%         4
 Summon Lightning Spire   Summ/Air       7%         N/A       71%         4


Dungeon Overview and Level Annotations

Branches:
Dungeon (1/15)

Altars:


Innate Abilities, Weirdness & Mutations

((You are very nimble when in or above water. (Stealth+, EV+, Speed+++)))
Your lower body shifts to a powerful aquatic tail in water.


Message History

a +0 short sword; 5 stones You swap places.
Your magical contamination has completely faded away.
Found 6 gold pieces.
Your bat hits the gnoll but does no damage.
Your bat closely misses the gnoll.
The gnoll barely misses you.
You barely miss the gnoll.
Your bat completely misses the gnoll.
Your rat closely misses the gnoll.
The gnoll hits you with a +0 club.
You barely miss the gnoll.
Your bat barely misses the gnoll.
Your rat bites the gnoll but does no damage.
The gnoll misses you.
Your bat hits the gnoll but does no damage.
Your rat bites the gnoll but does no damage.
You barely miss the gnoll. Your bat hits the gnoll.
Your bat completely misses the gnoll.
The gnoll hits you but does no damage.
Your rat bites the gnoll.
The gnoll hits you with a +0 club.
You barely miss the gnoll.
The gnoll is moderately wounded.
Your bat misses the gnoll.
Your rat barely misses the gnoll.
The gnoll hits you but does no damage.
Your rat closely misses the gnoll.
Unknown command.
Casting: Summon Small Mammal (safe; 4% risk of failure)
Press: ? - help, Q - select action Dir - look around, f - activate
Okay, then.
Unknown command.
Unknown command.
You hit the gnoll.
The gnoll is severely wounded.
Your bat hits the gnoll but does no damage.
The gnoll hits you with a +0 club.
Your rat misses the gnoll. The gnoll completely misses you.
Unknown command.
Unknown command.
You barely miss the gnoll.
The gnoll is severely wounded.
Your bat barely misses the gnoll.
Your bat hits the gnoll but does no damage.
Your rat barely misses the gnoll.
The gnoll hits you with a +0 club!
Ouch! That really hurt!
You die...

....#######.#
............#
.$..........#
............#
.........).#####
#..............
#.......#######
#.......#
#..r@b!.#
+...g...#
#!......#
#.......#
#.......#
#####.### .. #.


You could see a gnoll (ally target), a friendly bat (summoned) and a friendly
rat (summoned).

Vanquished Creatures
  A bat (D:1)
  A kobold (D:1)
2 creatures vanquished.

Notes
Turn   | Place    | Note
-------+----------+-------------------------------------------
     0 | D:1      | jestert79 the Merfolk Summoner began the quest for the Orb.
     0 | D:1      | Reached XP level 1. HP: 13/13 MP: 3/3
    82 | D:1      | Slain by a gnoll

Illustrated notes

Levels and vault maps discovered:
D:1:      saegor_arrival_simple_e, layout_basic, minmay_indecisive_spiral

Action                     || total
---------------------------++-------
  Melee: Mace              ||    10
   Cast: Summon Small Mamm ||     2
 Armour: Robe              ||     8
  Dodge: Dodged            ||     9

Table legend: (Time is in decaauts)
 A = Elapsed time spent in this place.
 B = Non-inter-level travel time spent in this place.
 C = Inter-level travel time spent in this place.
 D = Time resting spent in this place.
 E = Time spent auto-exploring this place.
 F = Levels seen in this place.
 G = Mean time per level.
                   A        B        C        D        E       F      G
               +--------+--------+--------+--------+--------+-----+--------+
         Total |     85 |     85 |      0 |      0 |     46 |   1 |   85.0 |
       Dungeon |     85 |     85 |      0 |      0 |     46 |   1 |   85.0 |
               +--------+--------+--------+--------+--------+-----+--------+

Top non-repeatable levels by time:
     D:1: 85 daAuts
